TOP OF THE 1ST |
Detroit X-Wings batting - Pitching for Chattanooga Chinpokomon : LHP Esteban Santos
|
Pitching: LHP Esteban Santos
|
|
Batting: RHB Júlio López
|
0-0: Ball 1-0: Called Strike 1-1: Ground out 4-3 (Groundball, 4)
|
Batting: RHB Gary Witt
|
0-0: Ball 1-0: Ball 2-0: Ball 3-0: Base on Balls
|
Batting: LHB Juan Jose Pineda
|
0-0: Foul Ball, location: 2F 0-1: Fly out, F9 (Flyball, 89XD)
|
Batting: RHB Robby Lewis
|
0-0: Called Strike 0-1: Ball 1-1: Foul Ball, location: 2F 1-2: Strikes out looking
|
Top of the 1st over - 0 run(s), 0 hit(s), 0 error(s), 1 left on base; Detroit 0 - Chattanooga 0 |
BOTTOM OF THE 1ST |
Chattanooga Chinpokomon batting - Pitching for Detroit X-Wings : RHP Joe Hopkins
|
Pitching: RHP Joe Hopkins
|
|
Batting: LHB Mario Cornelo
|
0-0: Ball 1-0: Ball 2-0: Ball 3-0: Base on Balls
|
Batting: RHB Ramiro Chávez
|
0-0: Ball 1-0: Foul Ball, location: 2F 1-1: Swinging Strike 1-2: Ball 2-2: SINGLE (Groundball, 6D) Mario Cornelo to second Runner from 2nd tries for 3rd, SAFE, no throw
|
Batting: RHB Robert Buckley
|
0-0: Called Strike 0-1: Called Strike 0-2: Ball 1-2: Strikes out swinging
|
Batting: RHB Jesús Tisnado
|
0-0: Ball 1-0: Swinging Strike 1-1: Swinging Strike 1-2: SINGLE (Flyball, 7LM) Mario Cornelo scores Ramiro Chávez to second
|
Batting: RHB Cristo García
|
0-0: Ball 1-0: Ball 2-0: Ball 3-0: Base on Balls Ramiro Chávez to third Jesús Tisnado to second
|
Batting: RHB Felipe Rego
|
0-0: Called Strike 0-1: Foul Ball, location: 2F 0-2: SINGLE (Groundball, 56D) Ramiro Chávez scores Jesús Tisnado to third Cristo García to second
|
Batting: LHB Martin Davis
|
0-0: Ball 1-0: Foul Ball, location: 2F 1-1: DOUBLE (Line Drive, 78D) Jesús Tisnado scores Cristo García scores Felipe Rego to third
|
Batting: RHB Kyung-bok Cho
|
0-0: Ball 1-0: Foul Ball, location: 2F 1-1: Ball 2-1: Ground out 5-3 (Groundball, 5S)
|
Batting: RHB José Martínez
|
0-0: Ball 1-0: Foul Ball, location: 2F 1-1: Ball 2-1: Ball 3-1: Base on Balls
|
Batting: LHB Mario Cornelo
|
0-0: Called Strike 0-1: Ball 1-1: Foul Ball, location: 2F 1-2: Ground out U3 (Groundball, 34)
|
Bottom of the 1st over - 4 run(s), 4 hit(s), 0 error(s), 3 left on base; Detroit 0 - Chattanooga 4 |
TOP OF THE 2ND |
Detroit X-Wings batting - Pitching for Chattanooga Chinpokomon : LHP Esteban Santos
|
Batting: RHB Keith Sims
|
0-0: Ball 1-0: Ground out 4-3 (Groundball, 4)
|
Batting: RHB John Moore
|
0-0: Ball 1-0: Called Strike 1-1: Foul Ball, location: 2F 1-2: Foul Ball, location: 2F 1-2: Foul Ball, location: 2F 1-2: Foul Ball, location: 2F 1-2: Foul Ball, location: 2F 1-2: Hit by Pitch
|
Batting: RHB Jaime Contreras
|
0-0: Ball 1-0: Grounds into double play, 5-4-3 (Groundball, 56)
|
Top of the 2nd over - 0 run(s), 0 hit(s), 0 error(s), 0 left on base; Detroit 0 - Chattanooga 4 |
BOTTOM OF THE 2ND |
Chattanooga Chinpokomon batting - Pitching for Detroit X-Wings : RHP Joe Hopkins
|
Batting: RHB Ramiro Chávez
|
0-0: Swinging Strike 0-1: Ground out 2-3 (Groundball, 2L)
|
Batting: RHB Robert Buckley
|
0-0: Called Strike 0-1: Ball 1-1: Foul Ball, location: 2F 1-2: Ball 2-2: Ball 3-2: Base on Balls
|
Batting: RHB Jesús Tisnado
|
0-0: Called Strike 0-1: Ball 1-1: 2-RUN HOME RUN (Flyball, 78XD), Distance : 393 ft
|
Batting: RHB Cristo García
|
0-0: Fly out, F9 (Flyball, 9S)
|
Batting: RHB Felipe Rego
|
0-0: Ball 1-0: Foul Ball, location: 2F 1-1: Foul Ball, location: 2F 1-2: Strikes out swinging
|
Bottom of the 2nd over - 2 run(s), 1 hit(s), 0 error(s), 0 left on base; Detroit 0 - Chattanooga 6 |
TOP OF THE 3RD |
Detroit X-Wings batting - Pitching for Chattanooga Chinpokomon : LHP Esteban Santos
|
Batting: RHB Oliver Acevedo
|
0-0: Called Strike 0-1: Ground out 5-3 (Groundball, 56)
|
Batting: RHB Vincente Encarnación
|
0-0: Ball 1-0: Called Strike 1-1: Called Strike 1-2: Strikes out swinging
|
Batting: RHB Júlio López
|
0-0: Ball 1-0: Foul Ball, location: 2F 1-1: Ball 2-1: Swinging Strike 2-2: Strikes out swinging
|
Top of the 3rd over - 0 run(s), 0 hit(s), 0 error(s), 0 left on base; Detroit 0 - Chattanooga 6 |
BOTTOM OF THE 3RD |
Chattanooga Chinpokomon batting - Pitching for Detroit X-Wings : RHP Joe Hopkins
|
Batting: LHB Martin Davis
|
0-0: Ball 1-0: Called Strike 1-1: Ball 2-1: Fly out, F7 (Flyball, 7D)
|
Batting: RHB Kyung-bok Cho
|
0-0: Ball 1-0: Swinging Strike 1-1: Ball 2-1: Ball 3-1: Base on Balls
|
Batting: RHB José Martínez
|
0-0: Called Strike 0-1: Called Strike 0-2: Ball 1-2: Fly out, F7 (Line Drive, 7)
|
Batting: LHB Mario Cornelo
|
0-0: Swinging Strike 0-1: Swinging Strike 0-2: Foul Ball, location: 2F 0-2: Ball 1-2: Foul Ball, location: 2F 1-2: DOUBLE (Line Drive, 9LM) Kyung-bok Cho to third Kyung-bok Cho scores
|
Pitching: LHP Javier Duarte
|
|
Batting: RHB Ramiro Chávez
|
0-0: Ball 1-0: Ground out 1-3 (Groundball, 13S)
|
Bottom of the 3rd over - 1 run(s), 1 hit(s), 0 error(s), 1 left on base; Detroit 0 - Chattanooga 7 |
TOP OF THE 4TH |
Detroit X-Wings batting - Pitching for Chattanooga Chinpokomon : LHP Esteban Santos
|
Batting: RHB Gary Witt
|
0-0: Ball 1-0: Ball 2-0: Called Strike 2-1: Ball 3-1: Foul Ball, location: 2F 3-2: Foul Ball, location: 2F 3-2: Base on Balls
|
Batting: LHB Juan Jose Pineda
|
0-0: Ball 1-0: Ball 2-0: Ball 3-0: Base on Balls Gary Witt to second
|
Batting: RHB Robby Lewis
|
0-0: Foul Ball, location: 2F 0-1: Called Strike 0-2: Strikes out swinging
|
Batting: RHB Keith Sims
|
0-0: Ball 1-0: Ball 2-0: SINGLE (Groundball, 6MD) Gary Witt to third Juan Jose Pineda to second Runner from 3rd tries for Home, SAFE, throw made home Juan Jose Pineda to third Keith Sims to second
|
Batting: RHB John Moore
|
0-0: Ball 1-0: Ground out 4-3 (Groundball, 4) Juan Jose Pineda scores Keith Sims to third
|
Batting: RHB Jaime Contreras
|
0-0: Called Strike 0-1: Ground out 1-3 (Groundball, 13S)
|
Top of the 4th over - 2 run(s), 1 hit(s), 0 error(s), 1 left on base; Detroit 2 - Chattanooga 7 |
BOTTOM OF THE 4TH |
Chattanooga Chinpokomon batting - Pitching for Detroit X-Wings : LHP Javier Duarte
|
Batting: RHB Robert Buckley
|
0-0: Called Strike 0-1: Foul Ball, location: 2F 0-2: Foul Ball, location: 2F 0-2: Ground out 6-3 (Groundball, 6)
|
Batting: RHB Jesús Tisnado
|
0-0: Ball 1-0: Called Strike 1-1: Ground out 5-3 (Groundball, 56)
|
Batting: RHB Cristo García
|
0-0: SINGLE (Line Drive, 3)
|
Batting: RHB Felipe Rego
|
0-0: Called Strike 0-1: Swinging Strike 0-2: Foul Ball, location: 2F 0-2: Ball 1-2: Strikes out swinging
|
Bottom of the 4th over - 0 run(s), 1 hit(s), 0 error(s), 1 left on base; Detroit 2 - Chattanooga 7 |
TOP OF THE 5TH |
Detroit X-Wings batting - Pitching for Chattanooga Chinpokomon : LHP Esteban Santos
|
Batting: RHB Oliver Acevedo
|
0-0: Foul Ball, location: 2F 0-1: Ball 1-1: Swinging Strike 1-2: Strikes out looking
|
Batting: RHB Vincente Encarnación
|
0-0: Ball 1-0: Ground out 6-3 (Groundball, 6)
|
Batting: RHB Júlio López
|
0-0: Ball 1-0: Ball 2-0: SINGLE (Groundball, 6MD)
|
Batting: RHB Gary Witt
|
0-0: Called Strike 0-1: Swinging Strike 0-2: Strikes out swinging
|
Top of the 5th over - 0 run(s), 1 hit(s), 0 error(s), 1 left on base; Detroit 2 - Chattanooga 7 |
BOTTOM OF THE 5TH |
Chattanooga Chinpokomon batting - Pitching for Detroit X-Wings : LHP Javier Duarte
|
Batting: LHB Martin Davis
|
0-0: Foul Ball, location: 2F 0-1: Ball 1-1: Foul Ball, location: 2F 1-2: Foul Ball, location: 2F 1-2: Foul Ball, location: 2F 1-2: Ball 2-2: Strikes out looking
|
Batting: RHB Kyung-bok Cho
|
0-0: Swinging Strike 0-1: Ball 1-1: Swinging Strike 1-2: Ball 2-2: DOUBLE (Line Drive, 9LM)
|
Batting: RHB José Martínez
|
0-0: Ball Kyung-bok Cho steals 3rd base 1-0: Ball 2-0: Foul Ball, location: 2F 2-1: Foul Ball, location: 2F 2-2: Foul Ball, location: 2F 2-2: Foul Ball, location: 2F Balk! Kyung-bok Cho scores 2-2: Ground out 1-3 (Groundball, P)
|
Batting: LHB Mario Cornelo
|
0-0: Foul Ball, location: 2F 0-1: Swinging Strike 0-2: SINGLE (Line Drive, 89S)
|
Batting: RHB Ramiro Chávez
|
0-0: Ball 1-0: Swinging Strike 1-1: SINGLE (Line Drive, 56) Mario Cornelo to second Runner from 2nd tries for 3rd, SAFE, throw made to third
|
Batting: RHB Robert Buckley
|
0-0: Ball 1-0: Ball 2-0: Called Strike 2-1: Ball 3-1: SINGLE (Flyball, 6MD) Mario Cornelo scores Ramiro Chávez to second
|
Batting: RHB Jesús Tisnado
|
0-0: Ball 1-0: Called Strike 1-1: Fly out, F8 (Flyball, 78D)
|
Bottom of the 5th over - 2 run(s), 4 hit(s), 0 error(s), 2 left on base; Detroit 2 - Chattanooga 9 |
TOP OF THE 6TH |
Detroit X-Wings batting - Pitching for Chattanooga Chinpokomon : LHP Esteban Santos
|
Batting: LHB Juan Jose Pineda
|
0-0: Ball 1-0: Ball 2-0: Ball 3-0: Called Strike 3-1: Called Strike 3-2: Foul Ball, location: 2F 3-2: Foul Ball, location: 2F 3-2: Ground out U3 (Groundball, 3)
|
Batting: RHB Robby Lewis
|
0-0: Foul Ball, location: 2F 0-1: Swinging Strike 0-2: Strikes out swinging
|
Batting: RHB Keith Sims
|
0-0: Ball 1-0: Ball 2-0: Fly out, F2 (Popup, 34S)
|
Top of the 6th over - 0 run(s), 0 hit(s), 0 error(s), 0 left on base; Detroit 2 - Chattanooga 9 |
BOTTOM OF THE 6TH |
Chattanooga Chinpokomon batting - Pitching for Detroit X-Wings : LHP Javier Duarte
|
Batting: RHB Cristo García
|
0-0: Ball 1-0: Ball 2-0: Ball 3-0: Called Strike 3-1: Ground out 4-3 (Groundball, 4)
|
Pitching: RHP Dylan Versluis
|
|
Batting: RHB Felipe Rego
|
0-0: Foul Ball, location: 2F 0-1: Swinging Strike 0-2: Ball 1-2: Ball 2-2: Ground out 5-3 (Groundball, 56S)
|
Batting: LHB Martin Davis
|
0-0: Ball 1-0: Ball 2-0: Called Strike 2-1: Ball 3-1: Ground out 4-3 (Groundball, 4)
|
Bottom of the 6th over - 0 run(s), 0 hit(s), 0 error(s), 0 left on base; Detroit 2 - Chattanooga 9 |
TOP OF THE 7TH |
Detroit X-Wings batting - Pitching for Chattanooga Chinpokomon : LHP Esteban Santos
|
Batting: RHB John Moore
|
0-0: Called Strike 0-1: Foul Ball, location: 2F 0-2: Ball 1-2: Ball 2-2: Ball 3-2: Fly out, F7 (Flyball, 78S)
|
Batting: RHB Jaime Contreras
|
0-0: Fly out, F2 (Popup, 25)
|
Batting: RHB Oliver Acevedo
|
0-0: Called Strike 0-1: Called Strike 0-2: Ball 1-2: Ball 2-2: Ball 3-2: Base on Balls
|
Batting: RHB Vincente Encarnación
|
0-0: Swinging Strike 0-1: Ball 1-1: Foul Ball, location: 2F 1-2: Strikes out swinging
|
Top of the 7th over - 0 run(s), 0 hit(s), 0 error(s), 1 left on base; Detroit 2 - Chattanooga 9 |
BOTTOM OF THE 7TH |
Chattanooga Chinpokomon batting - Pitching for Detroit X-Wings : RHP Dylan Versluis
|
Batting: RHB Kyung-bok Cho
|
0-0: Ball 1-0: Ground out 6-3 (Groundball, 6)
|
Batting: RHB José Martínez
|
0-0: Ball 1-0: Ball 2-0: Called Strike 2-1: Fly out, F7 (Flyball, 7S)
|
Batting: LHB Mario Cornelo
|
0-0: Called Strike 0-1: Ball 1-1: Ball 2-1: Swinging Strike 2-2: Fly out, F5 (Line Drive, 56S)
|
Bottom of the 7th over - 0 run(s), 0 hit(s), 0 error(s), 0 left on base; Detroit 2 - Chattanooga 9 |
TOP OF THE 8TH |
Detroit X-Wings batting - Pitching for Chattanooga Chinpokomon : LHP Esteban Santos
|
Pitching: LHP Mario Solíz
|
|
Now in LF: Donald White
|
|
Batting: RHB Júlio López
|
0-0: Called Strike 0-1: Foul Ball, location: 2F 0-2: Foul Ball, location: 2F 0-2: Ball 1-2: Fly out, F9 (Flyball, 9LMF)
|
Batting: RHB Gary Witt
|
0-0: Ball 1-0: Foul Ball, location: 2F 1-1: Swinging Strike 1-2: Ball 2-2: Hit by Pitch
|
Batting: LHB Juan Jose Pineda
|
0-0: Ball 1-0: Ball 2-0: Called Strike 2-1: Swinging Strike 2-2: Strikes out swinging
|
Batting: RHB Robby Lewis
|
0-0: Called Strike 0-1: Called Strike 0-2: Fielders Choice at 2nd, 5-4 (Groundball, 5)
|
Top of the 8th over - 0 run(s), 0 hit(s), 0 error(s), 0 left on base; Detroit 2 - Chattanooga 9 |
BOTTOM OF THE 8TH |
Chattanooga Chinpokomon batting - Pitching for Detroit X-Wings : RHP Dylan Versluis
|
Batting: RHB Ramiro Chávez
|
0-0: Ball 1-0: Foul Ball, location: 2F 1-1: Foul Ball, location: 2F 1-2: Ball 2-2: Foul Ball, location: 2F 2-2: Ball 3-2: Foul Ball, location: 2F 3-2: Fly out, F9 (Flyball, 9S)
|
Batting: RHB Robert Buckley
|
0-0: Ball 1-0: Ball 2-0: Foul Ball, location: 2F 2-1: Ball 3-1: Swinging Strike 3-2: Base on Balls
|
Batting: RHB Jesús Tisnado
|
0-0: Called Strike 0-1: Ball 1-1: Foul Ball, location: 2F 1-2: Ball 2-2: Strikes out swinging
|
Batting: RHB Cristo García
|
0-0: Fielders Choice at 2nd, 6-4 (Groundball, 6)
|
Bottom of the 8th over - 0 run(s), 0 hit(s), 0 error(s), 0 left on base; Detroit 2 - Chattanooga 9 |
TOP OF THE 9TH |
Detroit X-Wings batting - Pitching for Chattanooga Chinpokomon : LHP Mario Solíz
|
Now at 1B: Yasutoki Kojima
|
|
Now at SS: Fernando Pérez
|
|
Batting: RHB Keith Sims
|
0-0: Ball 1-0: Ground out 6-3 (Groundball, 56)
|
Batting: RHB John Moore
|
0-0: Called Strike 0-1: Called Strike 0-2: Ball 1-2: Ground out 1-3 (Groundball, P)
|
Batting: RHB Jaime Contreras
|
0-0: Ball 1-0: Called Strike 1-1: Hit by Pitch
|
Batting: RHB Oliver Acevedo
|
0-0: Called Strike 0-1: Foul Ball, location: 2F 0-2: Ball 1-2: Fielders Choice at 2nd, 6-4 (Groundball, 6)
|
Top of the 9th over - 0 run(s), 0 hit(s), 0 error(s), 0 left on base; Detroit 2 - Chattanooga 9 |
|